 Dungeon Crawl Stone Soup version 0.30-a0-1114-gd936c97349 (webtiles) character file.

Game seed: 460236924629748541

214 bande the Chopper (level 5, -3/33 HPs)
             Began as a Gargoyle Fighter on Apr 21, 2023.
             Killed from afar by an orc wizard (5 damage)
             ... with a magic dart
             ... on level 3 of the Dungeon.
             The game lasted 00:04:29 (2674 turns).

bande the Chopper (Gargoyle Fighter)                Turns: 2674, Time: 00:04:29

Health: -3/33      AC: 15    Str: 19    XL:     5   Next: 91%
Magic:  5/5        EV:  7    Int:  9    God:
Gold:   160        SH:  4    Dex: 11    Spells: 4/4 levels left

rFire   . . .      SeeInvis .    a - +0 war axe
rCold   . . .      Faith    .    c - +0 buckler
rNeg    + . .      Spirit   .    f - +0 chain mail
rPois   ∞          Reflect  .    h - +0 helmet
rElec   +          Rampage  .    (no cloak)
rCorr   .                        j - +0 pair of gloves
Will    +....                    (no boots) Stlth
                                 (no amulet)
HPRegen 0.25/turn                e - ring of willpower
MPRegen 0.09/turn                (no ring)

@: mighty, studying Axes
A: sickness immunity, AC +4, negative energy resistance 1, electricity
resistance, torment resistance 1, petrification resistance
a: no special abilities


You were on level 3 of the Dungeon.
You visited 1 branch of the dungeon, and saw 3 of its levels.

You collected 160 gold pieces.

Inventory:

Hand Weapons
 a - a +0 war axe (weapon)
Armour
 c - a +0 buckler (worn)
 f - a +0 chain mail (worn)
 h - a +0 helmet (worn)
 j - a +0 pair of gloves (worn)
Jewellery
 e - a ring of willpower (left hand)
 g - an amulet of regeneration
Scrolls
 b - 3 scrolls of teleportation
Potions
 i - a potion of haste
 l - a potion of invisibility


   Skills:
 + Level 3.9 Fighting
 + Level 5.0 Axes
 + Level 4.2 Armour
 + Level 4.0 Shields


You had 4 spell levels left.
You didn't know any spells.
Your spell library was empty.

Dungeon Overview and Level Annotations

Branches:
Dungeon (3/15)

Altars:
Cheibriados
Gozag


Innate Abilities, Weirdness & Mutations

You are immune to sickness and miasma.
Your stone body is resilient. (AC +4)
You are immune to poison.
You resist negative energy. (rN+)
You are resistant to electric shocks. (rElec)
You are resistant to unholy torment.
You are immune to petrification.


Message History

The orc priest is severely wounded.
You closely miss the adder. You hit something. The adder bites you.
Something hits you but does no damage.
The orc priest hits you with a +0 hand axe.
The adder closely misses you.
You barely miss the orc priest.
The orc priest is severely wounded.
You closely miss something. You hit the adder.
You hear some strange, mumbled words.
Something tries to affect you, but you resist.
The orc priest calls down the wrath of Beogh upon you.
Beogh smites you!
* * * LOW HITPOINT WARNING * * *
The adder bites you.
* * * LOW HITPOINT WARNING * * *
Something hits you but does no damage.
The orc priest hits you but does no damage.
You feel very mighty all of a sudden. The adder bites you but does no damage.
Something hits you but does no damage. The orc priest closely misses you.
You block the adder's attack.
You barely miss the orc priest.
The orc priest is severely wounded.
You closely miss the adder. You barely miss something.
The adder bites you but does no damage. Something hits you but does no damage.
The orc priest hits you but does no damage.
You slash the orc priest!
You kill the orc priest!
You miss the adder. You barely miss something.
The adder bites you but does no damage. You block something's attack.
The adder bites you but does no damage.
Your Axes skill increases to level 5!
The adder barely misses you. You block something's attack.
Items here: )) [ †.
The adder misses you. Something hits you.
* * * LOW HITPOINT WARNING * * *
The adder bites you but does no damage.
You hear some strange, mumbled words.
A magic dart appears from out of thin air!
The magic dart hits you.
You die...

##+## #.. ##...## #.#
##.....## #.#
##.......## ##.##
#.........####...#####
+.........+...........
#.........####...#####
#.......# #.....#
##.{@S.## #..##.#
##...## #..##.# ##'##
#..##.# #.# #.....#
#.# #.##..# ##.##
#.##..# #####...##
#.....#
..........#########.##
#............[......#


You could see an adder.

Vanquished Creatures
  An orc priest (D:3)
  An iguana (D:2)
  An orc wizard (D:3)
  A mummy (D:3)
  Robin (D:2)
  2 adders
  2 worms
  2 dart slugs (D:1)
  5 orcs (D:3)
  6 ball pythons
  5 endoplasms
  2 giant cockroaches
  15 goblins
  10 hobgoblins
  7 jackals
  A quokka (D:2)
  4 bats
  2 frilled lizards (D:2)
  4 kobolds
  A rat (D:2)
73 creatures vanquished.

Notes
Turn   | Place    | Note
-------+----------+-------------------------------------------
     0 | D:1      | bande the Gargoyle Fighter began the quest for the Orb.
     0 | D:1      | Reached XP level 1. HP: 14/14 MP: 1/1
   228 | D:1      | Reached XP level 2. HP: 19/19 MP: 2/2
   454 | D:1      | Reached skill level 2 in Axes
   979 | D:2      | Noticed Robin
  1130 | D:1      | Reached XP level 3. HP: 15/23 MP: 3/3
  1527 | D:2      | Killed Robin
  1609 | D:2      | Reached XP level 4. HP: 17/28 MP: 4/4
  1712 | D:2      | Reached skill level 3 in Axes
  1769 | D:2      | Found an opulent altar of Gozag.
  1897 | D:2      | Identified a scroll of acquirement
  1897 | D:2      | Acquired a manual of Axes
  2098 | D:3      | Found a snail-covered altar of Cheibriados.
  2106 | D:3      | Reached skill level 4 in Axes
  2106 | D:3      | Reached XP level 5. HP: 24/33 MP: 5/5
  2672 | D:3      | Reached skill level 5 in Axes
  2674 | D:3      | Killed from afar by an orc wizard

Illustrated notes

Levels and vault maps discovered:
D:1:      dpeg_arrival_fog, layout_loops_corners
D:2:      layout_rooms, basic_altar, uniq_robin
D:3:      layout_loops_corners, slow_altar_1, reono_crystal_passage,
          st_stairs_5, corexii_shack

Skill      XL: |  1  2  3  4  5 |
---------------+----------------+-----
Axes           | 2 4 5 |  5.0
Armour         | 4 |  4.2
Shields        | 4 |  4.0
Fighting       | |  3.9

Action                     |  1- 3 |  4- 6 || total
---------------------------+-------+-------++-------
  Melee: War axe           |    75 |   149 ||   224
    Use: Scroll            |       |     9 ||     9
         Potion            |       |     1 ||     1
 Armour: Chain mail        |    80 |   127 ||   207
  Dodge: Dodged            |    43 |    74 ||   117
  Block: Buckler           |    25 |    39 ||    64

Table legend: (Time is in decaauts)
 A = Elapsed time spent in this place.
 B = Non-inter-level travel time spent in this place.
 C = Inter-level travel time spent in this place.
 D = Time resting spent in this place.
 E = Time spent auto-exploring this place.
 F = Levels seen in this place.
 G = Mean time per level.
                   A        B        C        D        E       F      G
               +--------+--------+--------+--------+--------+-----+--------+
         Total |   2761 |   2670 |     91 |    568 |   1535 |   3 |  920.3 |
       Dungeon |   2761 |   2670 |     91 |    568 |   1535 |   3 |  920.3 |
               +--------+--------+--------+--------+--------+-----+--------+

Top non-repeatable levels by time:
     D:1: 1537 daAuts
     D:3: 640 daAuts
     D:2: 583 daAuts
